 Dungeon Crawl Stone Soup version 0.18.1-48-g4cf74bf (webtiles) character file.

277 Lennu the Grave Robber (level 6, 0/52 HPs)
             Began as a Deep Dwarf Necromancer on July 7, 2016.
             Slain by a phantom (4 damage)
             ... on level 4 of the Dungeon.
             The game lasted 00:15:59 (3059 turns).

Lennu the Grave Robber (Deep Dwarf Necromancer)     Turns: 3059, Time: 00:15:59

Health: 0/52       AC:  3    Str: 13    XL:     6   Next: 4%
Magic:  15/18      EV:  8    Int: 15    God:
Gold:   106        SH:  4    Dex: 14    Spells: 2 memorised, 6 levels left

rFire  . . .     SeeInvis .     g - +0 long sword
rCold  . . .     Gourm    .     a - +0 robe
rNeg   . . .     Faith    .     o - +0 buckler
rPois  .         Spirit   .     (no helmet)
rElec  .         Dismiss  .     (no cloak)
rCorr  .         Reflect  .     y - +0 pair of gloves
SustAt .         Harm     .     (no boots)
MR     .....                    (no amulet)
Stlth  ++........               x - -4 ring of evasion (curse)
                                f - ring of magical power

@: very slightly contaminated, non-regenerating, not resistant to hostile
enchantments, unstealthy
A: damage resistance, recharge devices, sense surroundings 1, slow regeneration
3
a: Device Recharging


You were on level 4 of the Dungeon.
You were very hungry.

You visited 1 branch of the dungeon, and saw 4 of its levels.

You collected 106 gold pieces.

Inventory:

Hand Weapons
 g - a +0 long sword (weapon)
Armour
 a - a +0 robe (worn)
 o - a +0 buckler (worn)
 y - a +0 pair of gloves (worn)
Jewellery
 f - a ring of magical power (left hand)
 h - an uncursed ring of protection from fire
 l - a +4 ring of dexterity
 t - a +6 ring of strength
 x - a cursed -4 ring of evasion (right hand)
Wands
 c - a wand of heal wounds (0/9)
Scrolls
 i - 5 scrolls of noise
 n - a scroll of fog
 r - 3 scrolls of enchant weapon
 s - a scroll of amnesia
 w - a scroll of teleportation
Potions
 e - a potion of flight {unknown}
 j - a potion of resistance {unknown}
 m - a potion of degeneration {unknown}
 p - a potion of mutation {unknown}
 q - a potion of brilliance {unknown}
 u - 3 potions of curing {unknown}
 v - a potion of ambrosia {unknown}
Books
 b - a book of Necromancy

   Spells                             Type                      Level
   a - Pain                           Necromancy                   1
   b - Animate Skeleton               Necromancy                   1
   c - Vampiric Draining              Necromancy                   3
   d - Regeneration                   Charms/Necromancy            3
   e - Animate Dead                   Necromancy                   4
   f - Control Undead                 Necromancy                   4
Comestibles
 d - 2 bread rations


   Skills:
 * Level 1.8 Fighting
 * Level 0.2 Long Blades
 * Level 1.5 Armour
 * Level 2.9 Dodging
 + Level 2.4 Stealth
 * Level 1.4 Shields
 + Level 2.6 Spellcasting
 * Level 6.2 Necromancy


You had 6 spell levels left.
You knew the following spells:

 Your Spells              Type           Power        Failure   Level  Hunger
a - Pain                  Necr           ###.         2%          1    #......
b - Vampiric Draining     Necr           ###.......   10%         3    ###....


Dungeon Overview and Level Annotations

Branches:
Dungeon (4/15)
 Temple: D:4-7

Altars:
Dithmenos
Xom

Annotations:
D:4 Eustachio; Lennu's ghost, amateur DDNe


Innate Abilities, Weirdness & Mutations

You are resistant to damage.
You can recharge devices by infusing magical energy.
You passively map a small area around you.
You do not regenerate naturally.


Message History

Lennu's ghost gestures at you while chanting.
You resist with significant effort.
You closely miss Lennu's ghost. Lennu's ghost casts a spell at you.
You resist with significant effort.
Eustachio gestures wildly while chanting.
Eustachio blinks!
Lennu's ghost gestures at you while chanting.
You resist with significant effort.
You completely miss Lennu's ghost.
You feel yourself speed up.
Lennu's ghost gestures at you while chanting.
Pain shoots through your body!
* * * LOW HITPOINT WARNING * * *
You block Lennu's ghost's attack. The phantom hits you!
* * * LOW HITPOINT WARNING * * *
You hit Lennu's ghost.
Lennu's ghost is lightly damaged.
Lennu's ghost closely misses you. The phantom hits you.
You die...

....####'#......................[
##........#########....####.#....
.'........................>......
#........#.####.###...####.### ,
#........#.# #.......# ,,
#........#.########...####### *
#....)...#..................#
#......5.#..########.######.#
#........@.rrbW@W.......#,
##.......>#..########.#..#,
....5.....#..########.#.##,
........###..#........#..
....@...# #..#.#####..######
........# #..#.# #.......#
....###.###..#.#####.#####.#
....#.....#..#....<#.# #.#
....#.....#..#######.# #.#


You could see Eustachio, a phantom, Lennu's ghost, 2 quokkas and a bat.

Vanquished Creatures
  2 giant frog skeletons (D:4)
  Ijyb (D:3)
  A howler monkey zombie (D:2)
  A worker ant zombie (D:3)
  2 gnolls (D:1)
  7 adders
  2 adder zombies (D:2)
  2 adder skeletons (D:2)
  2 worms (D:2)
  5 dart slugs
  2 giant geckos
  2 bat skeletons (D:2)
  5 giant cockroaches
  4 hobgoblins
  A quokka (D:3)
  5 bats
  2 giant cockroach zombies (D:2)
  4 giant newts
  7 goblins
  A jackal skeleton (D:2)
  11 kobolds
  A quokka skeleton (D:2)
  5 rats
75 creatures vanquished.

Notes
Turn   | Place    | Note
--------------------------------------------------------------
     0 | D:1      | Lennu the Deep Dwarf Necromancer began the quest for the Orb.
     0 | D:1      | Reached XP level 1. HP: 15/15 MP: 3/3
   248 | D:1      | Reached XP level 2. HP: 10/22 MP: 4/4
   381 | D:1      | Reached skill level 5 in Necromancy
   393 | D:1      | Reached XP level 3. HP: 9/30 MP: 4/5
   728 | D:2      | Reached skill level 1 in Fighting
   760 | D:2      | Reached XP level 4. HP: 34/38 MP: 7/7
   773 | D:2      | Reached skill level 1 in Armour
   900 | D:2      | Learned a level 3 spell: Vampiric Draining
  1719 | D:3      | Reached XP level 5. HP: 41/44 MP: 8/8
  2157 | D:3      | Reached skill level 1 in Shields
  2336 | D:3      | Noticed Ijyb
  2342 | D:3      | Killed Ijyb
  2347 | D:3      | Reached skill level 6 in Necromancy
  2383 | D:3      | Found a shadowy altar of Dithmenos.
  2883 | D:4      | Reached XP level 6. HP: 29/52 MP: 9/9
  2893 | D:4      | Found a shimmering altar of Xom.
  2893 | D:4      | Found a shimmering altar of Xom.
  2893 | D:4      | Found a shimmering altar of Xom.
  2893 | D:4      | Noticed Eustachio
  3020 | D:4      | HP: 1/52 [phantom (2)]
  3034 | D:4      | Noticed Lennu's ghost (amateur DDNe)
  3059 | D:4      | Slain by a phantom

Skill      XL: |  1  2  3  4  5 |
---------------+----------------+-----
Necromancy     | 5 6 |  6.2
Spellcasting   | 2 |  2.6
Fighting       | 1 |  1.8
Armour         | 1 |  1.5
Shields        | 1 |  1.4
Long Blades    | |  0.2
Dodging        | |  2.9
Stealth        | |  2.4

Action                   |  1- 3 |  4- 6 || total
-------------------------+-------+-------++-------
Melee: Mace              |    21 |       ||    21
       Whip              |     3 |    32 ||    35
       Long sword        |       |    64 ||    64
 Cast: Pain              |    56 |    50 ||   106
       Vampiric Draining |       |    31 ||    31
Evoke: Wand              |     1 |     4 ||     5
  Use: Scroll            |       |    11 ||    11
  Eat: Chunk             |       |    10 ||    10
       Beef jerky        |       |     1 ||     1
Armor: Robe              |    10 |    26 ||    36
Dodge: Dodged            |    37 |    66 ||   103
Block: Buckler           |       |    22 ||    22
